 Dungeon Crawl Stone Soup version 0.18.1-48-g4cf74bf (webtiles) character file.

32 Joat the Insei (level 3, -4/24 HPs)
             Began as an Octopode Transmuter on Aug 10, 2016.
             Slain by an iguana (14 damage)
             ... on level 3 of the Dungeon.
             The game lasted 00:06:35 (1735 turns).

Joat the Insei (Octopode Transmuter)                Turns: 1735, Time: 00:06:38

Health: -4/24      AC:  1    Str:  9    XL:     3   Next: 27%
Magic:  5/6        EV: 13    Int: 15    God:
Gold:   72         SH:  0    Dex: 13    Spells: 1 memorised, 5 levels left

rFire  . . .     SeeInvis .     g - +2 short sword (speed)
rCold  . . .     Gourm    .     (no shield)
rNeg   . . .     Faith    .     (helmet restricted)
rPois  .         Spirit   .     (no amulet)
rElec  .         Dismiss  .     d - ring of wizardry
rCorr  .         Reflect  .     (no ring)
SustAt .         Harm     .     (no ring)
MR     .....                    (no ring)
Stlth  ++........               (no ring)
                                (no ring)
                                (no ring)
                                (no ring)

@: appendage, not resistant to hostile enchantments, unstealthy
A: almost no armour, amphibious, 8 rings, constrict 8, tentacle spike 3,
camouflage 1, gelatinous body 1
a: End Transformation


You were on level 3 of the Dungeon.
You were not hungry.
One of your tentacles had a temporary spike.
You visited 1 branch of the dungeon, and saw 3 of its levels.

You collected 72 gold pieces.

Inventory:

Hand Weapons
 g - a +2 short sword of speed (weapon)
Missiles
 a - 69 arrows
 q - 2 throwing nets (quivered)
Armour
 n - a +0 buckler
Jewellery
 d - a ring of wizardry (left tentacle)
Wands
 s - a wand of slowing (20/48)
Scrolls
 h - a scroll of fog
 i - a scroll of magic mapping {unknown}
 l - 3 scrolls of identify {unknown}
 p - a scroll of recharging {unknown}
 r - a scroll of remove curse {unknown}
Potions
 e - a potion of agility {unknown}
 j - a potion of resistance {unknown}
 k - a potion of might
 o - a potion of degeneration {unknown}
 t - a potion of magic {unknown}
 u - a potion of lignification {unknown}
 v - a potion of haste
 w - a potion of cure mutation {unknown}
Books
 b - a book of Changes

   Spells                             Type                      Level
   a - Beastly Appendage              Transmutation                1
   b - Sticks to Snakes               Transmutation                2
   c - Spider Form                    Transmutation/Poison         3
   d - Ice Form                       Ice/Transmutation            4
   e - Blade Hands                    Transmutation                5
Comestibles
 c - 2 bread rations
 f - 2 chunks of flesh
 m - 3 fruits


   Skills:
 + Level 1.7 Fighting
 + Level 2.8 Dodging
 + Level 0.2 Shields
 - Level 3.3 Unarmed Combat
 - Level 2.0 Spellcasting
 - Level 2.0 Transmutations


You had 5 spell levels left.
You knew the following spells:

 Your Spells              Type           Power        Failure   Level  Hunger
q - Beastly Appendage     Trmt           #.....       4%          1    #......


Dungeon Overview and Level Annotations

Branches:
Dungeon (3/15)

Altars:
Dithmenos


Innate Abilities, Weirdness & Mutations

You cannot wear most types of armour.
You are amphibious.
You can wear up to eight rings at the same time.
You can use your tentacles to constrict eight enemies at once.
Your skin changes colour to match your surroundings (Stealth).
Your rubbery body absorbs attacks (AC +1).
One of your tentacles bears a large vicious spike.


Message History

You hit the iguana but do no damage.
You pierce the iguana, but do no damage.
The iguana is moderately wounded.
You constrict the iguana, but do no damage.
The bat hits you. The bat closely misses you. The iguana barely misses you.
You hit the iguana.
The iguana is moderately wounded.
You constrict the iguana, but do no damage.
The bat misses you. The iguana barely misses you.
You hit the iguana.
You pierce the iguana, but do no damage.
The iguana is severely wounded.
You constrict the iguana. The bat hits you.
You hit the iguana but do no damage.
You pierce the iguana, but do no damage.
You squeeze the iguana, but do no damage.
The iguana is almost dead.
You constrict the iguana. The iguana bites you!
Ouch! That really hurt!
You die...

########
......#
..######.##.###
#............^#
###.._.#.#.# <
#..ยงยง.#.#.#
... #.###.#.#.#
..?..#######>#
#.#.#.#
.....bl@<...(#
#.#.#.#
......s#######
#.#.#.###
###.###
#.#...... #
##.#...###
#.)....#
#..##.##
#..##.# #
#.>##.# #
#.##..##.####


You could see an iguana, a giant cockroach and a bat.

Vanquished Creatures
  A worm (D:2)
  4 bats
  2 giant cockroaches
  5 goblins
  3 hobgoblins
  6 kobolds
  3 quokkas
  A giant newt (D:1)
  4 rats (D:1)
29 creatures vanquished.

Notes
Turn   | Place    | Note
--------------------------------------------------------------
     0 | D:1      | Joat the Octopode Transmuter began the quest for the Orb.
     0 | D:1      | Reached XP level 1. HP: 13/13 MP: 3/3
   329 | D:1      | Reached XP level 2. HP: 18/18 MP: 5/5
  1255 | D:2      | Reached XP level 3. HP: 23/23 MP: 6/6
  1712 | D:3      | Found a shadowy altar of Dithmenos.
  1735 | D:3      | Slain by an iguana

Action                   || total
-------------------------++-------
Melee: Unarmed           ||    24
       Constrict         ||    18
       Tentacles         ||     8
       Short sword       ||    31
       Punch             ||     1
       Kick              ||     4
 Cast: Beastly Appendage ||     4
  Use: Potion            ||     4
       Scroll            ||     2
 Stab: Sleeping          ||     8
  Eat: Chunk             ||     3
Armor: Skin              ||     5
Dodge: Dodged            ||    31
